 Dungeon Sprint DCSS version 0.31.0-11-ge490571c62 (webtiles) character file.

Game seed: 3572740998143971473

8100000 thirtiethelement the Plane Walker (level 27, -8/249 HPs)
             Began as a Demonspawn Warper on Feb 1, 2024.
             Was the Champion of Makhleb.
             Mangled by a bag of meat
             ... wielding a +9 war axe
              (37 damage)
             ... in the Dungeon (Sprint VIII: "Arena of Blood").
             The game lasted 00:11:44 (81 turns).

thirtiethelement the Plane Walker (Demonspawn Warper) Turns: 81, Time: 00:11:46

Health: -8/249     AC: 18    Str: 13    XL:     27
Magic:  21/54      EV: 36    Int: 15    God:    Makhleb [******]
Gold:   0          SH:  0    Dex: 24    Spells: 80/80 levels left

rFire   . . .        j - +∞ Axe of Woe
rCold   . . .        (shield currently unavailable)
rNeg    . . .        b - +0 leather armour
rPois   .            (no helmet)
rElec   .            (cloak unavailable)
rCorr   .            (no gloves)
SInv    .            (no boots)
Will    ++...        (no amulet)
Stlth   ++++++++++   (no ring)
HPRegen 10.61/turn   (no ring)
MPRegen 0.34/turn

%: no teleportation
@: sanguine armoured
A: powered by death 3, black mark, sanguine armour 3, demonic magic 3,
bedeviling, aura of silence, weakness stinger 3
a: Renounce Religion, Minor Destruction, Lesser Servant of Makhleb, Major
Destruction, Greater Servant of Makhleb


You were in the Dungeon.
You worshipped Makhleb.
Makhleb was exalted by your worship.
You visited 1 branch

Inventory:

Hand Weapons
 a - a +0 hand axe
 j - the +∞ Axe of Woe (weapon)
   (You found it in the Dungeon)
Missiles
 d - 7 darts of dispersal (quivered)
Armour
 b - a +0 leather armour (worn)
Scrolls
 c - a scroll of blinking
Potions
 e - a potion of curing
 f - a potion of heal wounds
 g - a potion of haste
 h - 2 potions of magic
 i - a potion of berserk rage


   Skills:
 O Level 27 Fighting
 O Level 27 Short Blades
 O Level 27 Long Blades
 O Level 27 Axes
 O Level 27 Maces & Flails
 O Level 27 Polearms
 O Level 27 Staves
 O Level 27 Ranged Weapons
 O Level 27 Throwing
 O Level 27 Armour
 O Level 27 Dodging
 O Level 27 Stealth
 O Level 27 Shields
 O Level 27 Unarmed Combat
 O Level 27 Spellcasting
 O Level 27 Conjurations
 O Level 27 Hexes
 O Level 27 Summonings
 O Level 27 Necromancy
 O Level 27 Translocations
 O Level 27 Fire Magic
 O Level 27 Ice Magic
 O Level 27 Air Magic
 O Level 27 Earth Magic
 O Level 27 Alchemy
 O Level 27 Invocations
 O Level 27 Evocations
 O Level 27 Shapeshifting


You had 80 spell levels left.
You didn't know any spells.
Your spell library contained the following spells:

 Spells                   Type           Power      Damage    Failure   Level
 Blink                    Tloc           100%       N/A       0%          2
 Lesser Beckoning         Tloc           100%       N/A       0%          2
 Teleport Other           Tloc           79%        N/A       0%          3
 Manifold Assault         Tloc           79%        N/A       0%          4
 Vhi's Electric Charge    Tloc/Air       100%       N/A       0%          4


Dungeon Overview and Level Annotations

Branches:
Dungeon (1/1)

Altars:
Makhleb


Innate Abilities, Weirdness & Mutations

You regenerate a lot of health from kills.
Your melee attacks may debilitate your foes.
When seriously injured, your blood forms very thick armour. (AC +12)
Spells you cast and wands you use may paralyse nearby enemies.
Your hexes are more powerful.
You are surrounded by an aura of silence.
You have a sharp stinger which inflicts weakening toxins.


Message History

You feel better.
You slice the bag of meat!! You chop the bag of meat into pieces.
You kill the bag of meat!
Makhleb accepts your kill.
You feel better.
A meat berserker comes into view. It is wielding a +9 battleaxe.
The dread calls on the powers of darkness!
The bag of meat convulses!
The meat berserker convulses!
The bag of meat convulses! x2; The meat berserker convulses!
The bag of meat convulses!
The meat berserker convulses!
The eight-headed meat hydra convulses!
Your body is wracked with pain!
The accursed gestures at you while chanting.
Something smites you!
* * * LOW HITPOINT WARNING * * *
The tyrant casts a spell.
A bolt of negative energy appears from out of thin air!
Deactivating autopickup; reactivate with Ctrl-A.
The bolt of negative energy hits you!!!
You feel drained.
* * * LOW HITPOINT WARNING * * *
Your life force feels restored.
Okay, then.
Blink to where?
Press: ? - help, Dir - move target A destroyer, 5 bags of meat, a tyrant, a meat beast and a meat berserker come into view.
The destroyer is wielding a +9 heavy great sword.
As you read the scroll of blinking, it crumbles to dust.
The meat berserker rages.
A large bag of meat comes into view. It is wielding a +9 giant spiked club.
The bag of meat moves out of view.
The tyrant moves out of view.
A meat berserker comes into view. It is wielding a +9 battleaxe.
Okay, then.
Unknown command.
A meat beast comes into view.
The meat beast bites you but does no damage.
The meat beast tramples you but does no damage.
A bag of meat comes into view. It is wielding a +9 war axe.
The destroyer casts a spell at you.
The destroyer blinks!
The bag of meat hits you with a +9 war axe!!!
You die...

.2..............
................
.....V..........
..........o....
..O.......oO
#.....oO# ..
#..o2...#
...###...@...###..o
........###..V.oO..
#.....)o)_...o.....
o.....#V§...#..W...
..... #_)<._#......
......#))o))#..O...
#......))_)Mo......
........###)OD.....
...###..oz)§)###.M.


You could see 2 meat beasts, 2 destroyers, a large bag of meat (inner flame), a
dread, 4 meat berserkers and 6 bags of meat.

Vanquished Creatures
  Sigmund (D)
  5 hell beasts (D)
  2 royal mummies (D)
  A wraith (D)
  Harold (D)
  14 vampire knights (D)
  41 ogres (D)
  8 two-headed ogres (D)
  3 liches (D)
  74 orcs (D)
  8 skeletal warriors (D)
158 creatures vanquished.

Notes
Turn   | Place    | Note
-------+----------+-------------------------------------------
     0 | D        | Found the +∞ Axe of Woe
     0 | D        | thirtiethelement the Demonspawn Warper began the quest for
                  | the Orb.
     0 | D        | Reached XP level 1. HP: 16/16 MP: 3/3
     0 | D        | Noticed a meat berserker
     2 | D        | Noticed a bag of meat
     4 | D        | Noticed a meat berserker
     4 | D        | Became a worshipper of Makhleb the Destroyer
     5 | D        | Killed a meat berserker
     5 | D        | Noticed a bag of meat
     5 | D        | Noticed a bag of meat
     6 | D        | Reached skill level 10 in Fighting
     6 | D        | Reached skill level 10 in Axes
     6 | D        | Gained mutation: You regenerate a little health from kills.
                  | [demonic ancestry]
     6 | D        | Reached XP level 2. HP: 36/36 MP: 3/14
     6 | D        | Gained mutation: You have a small tail. [demonic ancestry]
     6 | D        | Reached XP level 3. HP: 42/42 MP: 3/16
     6 | D        | Reached XP level 4. HP: 48/48 MP: 3/17
     6 | D        | Reached XP level 5. HP: 54/54 MP: 3/19
     6 | D        | Gained mutation: You regenerate health from kills. [demonic
                  | ancestry]
     6 | D        | Reached XP level 6. HP: 61/61 MP: 3/20
     6 | D        | Reached XP level 7. HP: 67/67 MP: 3/22
     6 | D        | Gained mutation: When seriously injured, your blood forms
                  | armour. (AC +12) [demonic ancestry]
     6 | D        | Reached XP level 8. HP: 73/73 MP: 3/23
     6 | D        | Gained mutation: You have a tail ending in a sharp stinger.
                  | [demonic ancestry]
     6 | D        | Reached XP level 9. HP: 79/79 MP: 3/24
     6 | D        | Gained mutation: You have a sharp stinger which inflicts
                  | weakening toxins. [demonic ancestry]
     6 | D        | Reached XP level 10. HP: 86/86 MP: 3/25
     6 | D        | Gained mutation: Spells you cast may paralyse adjacent
                  | enemies. [demonic ancestry]
     6 | D        | Reached XP level 11. HP: 92/92 MP: 3/26
     7 | D        | Killed a meat berserker
     7 | D        | Reached * piety under Makhleb
     7 | D        | Noticed a bag of meat
     8 | D        | Gained mutation: You regenerate a lot of health from kills.
                  | [demonic ancestry]
     8 | D        | Reached XP level 12. HP: 102/102 MP: 3/29
     8 | D        | Reached XP level 13. HP: 108/108 MP: 3/30
     8 | D        | Noticed a bag of meat
     8 | D        | Noticed a bag of meat
     9 | D        | Killed a bag of meat
     9 | D        | Noticed a meat berserker
     9 | D        | Noticed a bag of meat
     9 | D        | Noticed a bag of meat
    10 | D        | Noticed a meat berserker
    10 | D        | Noticed a bag of meat
    11 | D        | Killed a bag of meat
    11 | D        | Noticed a meat berserker
    12 | D        | Killed a bag of meat
    12 | D        | Reached ** piety under Makhleb
    12 | D        | Noticed a bag of meat
    13 | D        | Reached skill level 15 in Spellcasting
    13 | D        | Reached XP level 14. HP: 119/119 MP: 4/33
    13 | D        | Noticed a meat berserker
    14 | D        | Killed a meat berserker
    14 | D        | Killed a bag of meat
    14 | D        | Noticed a meat berserker
    14 | D        | Noticed a bag of meat
    15 | D        | Reached skill level 15 in Fighting
    15 | D        | Killed a bag of meat
    15 | D        | Reached *** piety under Makhleb
    15 | D        | Killed a meat berserker
    15 | D        | Noticed a meat berserker
    15 | D        | Noticed a bag of meat
    15 | D        | Noticed a meat berserker
    15 | D        | Noticed a large bag of meat
    16 | D        | Reached skill level 27 in Translocations
    16 | D        | Reached XP level 15. HP: 132/132 MP: 5/36
    17 | D        | Reached skill level 15 in Dodging
    17 | D        | Killed a meat berserker
    17 | D        | Reached **** piety under Makhleb
    18 | D        | Reached skill level 5 in Throwing
    18 | D        | Reached skill level 5 in Armour
    18 | D        | Gained mutation: Spells you cast may paralyse nearby
                  | enemies. [demonic ancestry]
    18 | D        | Reached XP level 16. HP: 118/145 MP: 5/39
    18 | D        | Killed a meat berserker
    18 | D        | Noticed a meat berserker
    19 | D        | Noticed a large bag of meat
    20 | D        | Killed a meat berserker
    20 | D        | Reached ***** piety under Makhleb
    20 | D        | Killed a meat berserker
    20 | D        | Noticed a meat berserker
    21 | D        | Reached XP level 17. HP: 89/159 MP: 6/43
    21 | D        | Killed a meat berserker
    21 | D        | Killed a meat berserker
    22 | D        | Reached skill level 27 in Axes
    22 | D        | Killed a large bag of meat
    23 | D        | Reached XP level 18. HP: 124/180 MP: 6/48
    23 | D        | Noticed a large bag of meat
    24 | D        | Killed a meat berserker
    24 | D        | Reached ****** piety under Makhleb
    25 | D        | Reached skill level 27 in Fighting
    25 | D        | Reached skill level 10 in Throwing
    25 | D        | Reached skill level 27 in Spellcasting
    25 | D        | Killed a large bag of meat
    25 | D        | Noticed a destroyer
    25 | D        | Noticed a large bag of meat
    26 | D        | Reached skill level 27 in Dodging
    27 | D        | Reached XP level 19. HP: 188/189 MP: 7/50
    27 | D        | Noticed a meat berserker
    27 | D        | Noticed a meat berserker
    28 | D        | Noticed a meat berserker
    29 | D        | Killed a destroyer
    30 | D        | Noticed a destroyer
    30 | D        | Noticed a destroyer
    31 | D        | Reached skill level 27 in Throwing
    31 | D        | Noticed a meat berserker
    31 | D        | Noticed a large bag of meat
    32 | D        | Reached XP level 20. HP: 197/197 MP: 9/51
    32 | D        | Killed a large bag of meat
    32 | D        | Noticed a large bag of meat
    33 | D        | Killed a destroyer
    33 | D        | Killed a large bag of meat
    33 | D        | Killed a destroyer
    34 | D        | Reached skill level 27 in Armour
    34 | D        | Killed a meat berserker
    34 | D        | Killed a meat berserker
    35 | D        | Gained mutation: When seriously injured, your blood forms
                  | thick armour. (AC +12) [demonic ancestry]
    35 | D        | Reached XP level 21. HP: 200/204 MP: 9/52
    35 | D        | Noticed a destroyer
    36 | D        | Reached skill level 10 in Necromancy
    37 | D        | Noticed a destroyer
    37 | D        | Noticed a destroyer
    38 | D        | Killed a destroyer
    39 | D        | Reached skill level 10 in Short Blades
    39 | D        | Reached skill level 10 in Stealth
    39 | D        | Reached skill level 10 in Shields
    39 | D        | Reached skill level 10 in Unarmed Combat
    39 | D        | Reached skill level 10 in Conjurations
    39 | D        | Reached skill level 10 in Hexes
    39 | D        | Reached skill level 10 in Summonings
    39 | D        | Reached skill level 10 in Fire Magic
    39 | D        | Reached skill level 10 in Ice Magic
    39 | D        | Reached skill level 10 in Air Magic
    39 | D        | Reached skill level 10 in Earth Magic
    39 | D        | Reached skill level 10 in Alchemy
    39 | D        | Reached skill level 10 in Evocations
    39 | D        | Killed a destroyer
    40 | D        | Gained mutation: When seriously injured, your blood forms
                  | very thick armour. (AC +12) [demonic ancestry]
    40 | D        | Reached XP level 22. HP: 212/212 MP: 11/53
    40 | D        | Killed a large bag of meat
    41 | D        | Reached skill level 10 in Long Blades
    41 | D        | Reached skill level 10 in Maces & Flails
    41 | D        | Reached skill level 10 in Polearms
    41 | D        | Reached skill level 10 in Staves
    41 | D        | Reached skill level 10 in Ranged Weapons
    41 | D        | Reached skill level 15 in Invocations
    41 | D        | Reached skill level 10 in Shapeshifting
    44 | D        | Reached skill level 15 in Necromancy
    46 | D        | Gained mutation: Your hexes are more powerful. [demonic
                  | ancestry]
    46 | D        | Reached XP level 23. HP: 219/219 MP: 12/54
    47 | D        | Reached skill level 15 in Stealth
    47 | D        | Reached skill level 15 in Conjurations
    47 | D        | Reached skill level 15 in Hexes
    47 | D        | Reached skill level 15 in Summonings
    47 | D        | Reached skill level 15 in Alchemy
    47 | D        | Reached skill level 15 in Evocations
    48 | D        | Reached skill level 15 in Short Blades
    48 | D        | Reached skill level 15 in Shields
    48 | D        | Reached skill level 15 in Unarmed Combat
    48 | D        | Reached skill level 15 in Fire Magic
    48 | D        | Reached skill level 15 in Ice Magic
    48 | D        | Reached skill level 15 in Air Magic
    48 | D        | Reached skill level 15 in Earth Magic
    48 | D        | Noticed a large bag of meat
    48 | D        | Noticed a tyrant
    48 | D        | Noticed an accursed
    49 | D        | Gained mutation: Your melee attacks may debilitate your
                  | foes. [demonic ancestry]
    49 | D        | Reached XP level 24. HP: 227/227 MP: 13/54
    50 | D        | Killed a large bag of meat
    50 | D        | Noticed The Servant
    52 | D        | Reached skill level 27 in Stealth
    52 | D        | Noticed a tyrant
    53 | D        | Killed a destroyer
    54 | D        | Reached skill level 15 in Long Blades
    54 | D        | Reached skill level 15 in Maces & Flails
    54 | D        | Reached skill level 15 in Polearms
    54 | D        | Reached skill level 15 in Staves
    54 | D        | Reached skill level 15 in Ranged Weapons
    54 | D        | Reached skill level 15 in Shapeshifting
    54 | D        | Noticed a destroyer
    55 | D        | Gained mutation: Spells you cast and wands you use may
                  | paralyse nearby enemies. [demonic ancestry]
    55 | D        | Reached XP level 25. HP: 228/234 MP: 14/54
    56 | D        | Killed a large bag of meat
    56 | D        | Noticed a destroyer
    56 | D        | Noticed a destroyer
    56 | D        | Noticed a large bag of meat
    60 | D        | Killed an accursed
    60 | D        | Noticed a destroyer
    61 | D        | Gained mutation: You are surrounded by an aura of silence.
                  | [demonic ancestry]
    61 | D        | Reached XP level 26. HP: 214/242 MP: 16/54
    61 | D        | Killed a tyrant
    61 | D        | Killed a destroyer
    62 | D        | Reached skill level 27 in Invocations
    63 | D        | Killed a tyrant
    64 | D        | Reached XP level 27. HP: 86/249 MP: 16/54
    64 | D        | Killed a destroyer
    64 | D        | Noticed an accursed
    64 | D        | Noticed a destroyer
    65 | D        | Killed a destroyer
    66 | D        | Noticed a destroyer
    66 | D        | Noticed an accursed
    66 | D        | Noticed an accursed
    66 | D        | Noticed a tyrant
    66 | D        | Noticed a destroyer
    66 | D        | Noticed a destroyer
    67 | D        | Killed a destroyer
    67 | D        | Killed The Servant
    67 | D        | Noticed a destroyer
    68 | D        | Reached skill level 27 in Necromancy
    68 | D        | Killed an accursed
    68 | D        | Killed a destroyer
    68 | D        | Noticed a meat beast
    68 | D        | Noticed a meat beast
    68 | D        | Noticed a destroyer
    68 | D        | Noticed an accursed
    69 | D        | Reached skill level 27 in Hexes
    69 | D        | Reached skill level 27 in Alchemy
    69 | D        | Reached skill level 27 in Evocations
    69 | D        | Noticed a dread
    69 | D        | Noticed a dread
    69 | D        | Noticed a destroyer
    70 | D        | Reached skill level 27 in Summonings
    70 | D        | Killed a tyrant
    70 | D        | Noticed The Captor
    70 | D        | Noticed a destroyer
    71 | D        | Reached skill level 27 in Conjurations
    71 | D        | Noticed a meat beast
    71 | D        | Noticed a meat beast
    71 | D        | Killed a large bag of meat
    71 | D        | Noticed a meat beast
    72 | D        | Killed a meat beast
    72 | D        | Killed a dread
    73 | D        | Reached skill level 27 in Earth Magic
    73 | D        | Killed a meat beast
    74 | D        | Reached skill level 27 in Short Blades
    74 | D        | Reached skill level 27 in Long Blades
    74 | D        | Reached skill level 27 in Maces & Flails
    74 | D        | Reached skill level 27 in Polearms
    74 | D        | Reached skill level 27 in Staves
    74 | D        | Reached skill level 27 in Ranged Weapons
    74 | D        | Reached skill level 27 in Shields
    74 | D        | Reached skill level 27 in Unarmed Combat
    74 | D        | Reached skill level 27 in Fire Magic
    74 | D        | Reached skill level 27 in Ice Magic
    74 | D        | Reached skill level 27 in Air Magic
    74 | D        | Reached skill level 27 in Shapeshifting
    74 | D        | Killed a destroyer
    75 | D        | Killed a meat beast
    75 | D        | Noticed a tyrant
    75 | D        | Noticed a dread
    76 | D        | Killed a meat beast
    77 | D        | Killed a meat beast
    77 | D        | Noticed a destroyer
    78 | D        | Killed a destroyer
    78 | D        | Killed a destroyer
    79 | D        | Killed The Captor
    79 | D        | HP: 7/227 [something/bolt of negative energy (61)]
    80 | D        | Noticed a destroyer
    80 | D        | Noticed a tyrant
    80 | D        | Noticed a meat beast
    80 | D        | Noticed a large bag of meat
    81 | D        | Noticed a meat beast
    81 | D        | Mangled by a bag of meat

Illustrated notes

Levels and vault maps discovered:
D:        meatsprint

Skill      XL: |  1  2  3  4  5  6  7  8  9 10 11 12 13 14 15 16 17 18 19 20 21 22 23 24 25 26 27 |
---------------+----------------------------------------------------------------------------------+-----
Fighting       | 10 12 13 16 18 21 26 27 | 27.0
Axes           | 10 12 14 18 22 26 27 | 27.0
Throwing       | 2 3 4 5 6 8 20 27 | 27.0
Armour         | 2 3 4 5 6 7 16 23 27 | 27.0
Dodging        | 9 11 12 14 16 18 21 27 | 27.0
Spellcasting   | 11 13 15 17 19 22 26 27 | 27.0
Translocations | 18 21 23 27 | 27.0
Short Blades   | 7 10 13 15 17 19 21 27 | 27.0
Long Blades    | 7 9 12 14 15 18 20 27 | 27.0
Maces & Flails | 7 9 12 14 15 18 20 27 | 27.0
Polearms       | 7 9 12 14 15 18 20 27 | 27.0
Staves         | 7 9 12 14 15 18 20 27 | 27.0
Ranged Weapons | 7 9 12 14 15 18 20 27 | 27.0
Stealth        | 8 11 14 16 27 | 27.0
Shields        | 7 10 13 15 17 19 21 27 | 27.0
Unarmed Combat | 7 10 13 15 17 19 21 27 | 27.0
Conjurations   | 8 11 14 16 18 21 22 27 | 27.0
Hexes          | 8 11 14 16 18 21 22 27 | 27.0
Summonings     | 8 11 14 16 18 21 22 27 | 27.0
Necromancy     | 9 12 16 18 20 22 24 27 | 27.0
Fire Magic     | 7 10 13 15 17 19 21 27 | 27.0
Ice Magic      | 7 10 13 15 17 19 21 27 | 27.0
Air Magic      | 7 10 13 15 17 19 21 27 | 27.0
Earth Magic    | 7 10 13 15 17 19 21 27 | 27.0
Alchemy        | 8 11 14 16 18 21 22 27 | 27.0
Invocations    | 11 14 18 21 23 26 27 | 27.0
Evocations     | 8 11 14 16 18 21 22 27 | 27.0
Shapeshifting  | 7 9 12 14 15 18 19 27 | 27.0

Action                     |  1- 3 |  4- 6 |  7- 9 | 10-12 | 13-15 | 16-18 | 19-21 | 22-24 | 25-27 || total
---------------------------+-------+-------+-------+-------+-------+-------+-------+-------+-------++-------
  Melee: Executioner's axe |     1 |       |       |     1 |     7 |     8 |    10 |    14 |    23 ||    64
    Use: Scroll            |       |       |       |       |       |       |       |       |     1 ||     1
 Armour: Leather armour    |       |       |       |       |     1 |     6 |     8 |     7 |    36 ||    58
  Dodge: Dodged            |       |       |       |       |     2 |       |       |       |     4 ||     6
